 Dungeon Crawl Stone Soup version 0.29.0-15-g675c0067aa (webtiles) character file.

Game seed: 9487484824446709386

2 qw the Sneak (level 1, 0/14 HPs)
             Began as a Gargoyle Delver on Sept 11, 2022.
             Slain by a gnoll
             ... wielding a +0 halberd
              (10 damage)
             ... on level 4 of the Dungeon.
             The game lasted 00:00:08 (1595 turns).

qw the Sneak (Gargoyle Delver)                      Turns: 1595, Time: 00:00:09

Health: 0/14       AC:  5    Str: 15    XL:     1   Next: 30%
Magic:  1/1        EV: 11    Int: 10    God:
Gold:   14         SH:  0    Dex: 11    Spells: 0/0 levels left

rFire   . . .      SeeInvis .   a - +0 hand axe
rCold   . . .      Faith    .   (no shield)
rNeg    + . .      Spirit   .   b - +0 leather armour
rPois   inf        Reflect  .   (no helmet)
rElec   +          Harm     .   (no cloak)
rCorr   .          Rampage  .   (no gloves)
Will    .....                   (no boots)
Stlth   +++.......              (no amulet)
HPRegen 0.04/turn               (no ring)
MPRegen 0.07/turn               (no ring)

@: no status effects
A: sickness immunity, AC +2, negative energy resistance 1, electricity
resistance, torment resistance 1, petrification resistance
a: no special abilities


You were on level 4 of the Dungeon.
You visited 1 branch of the dungeon, and saw 2 of its levels.

You collected 14 gold pieces.


Innate Abilities, Weirdness & Mutations

You are immune to sickness and miasma.
Your stone body is resilient. (AC +2)
You are immune to poison.
You resist negative energy. (rN+)
You are resistant to electric shocks. (rElec)
You are resistant to unholy torment.
You are immune to petrification.


   Skills:
 - Level 3.2 Fighting
 + Level 2.0 Axes
 - Level 1.5 Dodging
 - Level 5.4 Stealth


You couldn't memorise any spells.
You didn't know any spells.
Your spell library was empty.

Inventory:

Hand Weapons
 a - a +0 hand axe (weapon)
Armour
 b - a +0 leather armour (worn)
Wands
 g - a wand of digging (3)
Potions
 f - a potion of haste

Dungeon Overview and Level Annotations

Branches:
Dungeon (5/15)
 Temple: D:4-7

Altars:


Message History

873 ||| Stepping ~*~*~tactically~*~*~ (hiding).
You start waiting.
Done waiting.
975 ||| Stepping ~*~*~tactically~*~*~ (hiding).
You start waiting.
Done waiting.
1077 ||| Stepping ~*~*~tactically~*~*~ (hiding).
You start waiting.
Done waiting.
1179 ||| Stepping ~*~*~tactically~*~*~ (hiding).
You start waiting.
Done waiting.
1281 ||| Stepping ~*~*~tactically~*~*~ (hiding).
You start waiting.
Done waiting.
1383 ||| Stepping ~*~*~tactically~*~*~ (hiding).
You start waiting.
Done waiting.
1485 ||| Stepping ~*~*~tactically~*~*~ (hiding).
You start waiting.
Done waiting.
The gnoll shouts!
A gnoll comes into view. It is wielding a +0 club.
1587 ||| Stepping ~*~*~tactically~*~*~ (hiding).
An adder comes into view.
1590 ||| Stepping ~*~*~tactically~*~*~ (hiding).
The gnoll shouts!
You hear a shout!
A gnoll comes into view. It is wielding a +0 spear.
The gnoll barely misses you.
A gnoll comes into view. It is wielding a +0 club.
The gnoll shouts!
You hit the gnoll.
The gnoll is lightly wounded.
The gnoll barely misses you.
You hit the gnoll but do no damage.
The gnoll is lightly wounded.
You hit the gnoll. The gnoll hits you with a +0 club.
The gnoll hits you with a +0 halberd!
Ouch! That really hurt!
You die...

....... ....... .......
...g... ...g.>. .......
#########g......
#.......@g......
#................. .#
#.................##.##
#.................. ...
#.................##.####
#........................
#.......##.............##
###..##.....##..........(
#..#........#.....>..#


You could see 4 gnolls.

Vanquished Creatures
  An endoplasm (D:4)
  A kobold (D:4)
2 creatures vanquished.

Notes
Turn   | Place    | Note
-------+----------+-------------------------------------------
     0 | D:5      | qw the Gargoyle Delver began the quest for the Orb.
     0 | D:5      | Reached XP level 1. HP: 14/14 MP: 1/1
     0 | D:5      | 0 ||| qw: Version: 0.1-a-118-gb4e7ce6
     0 | D:5      | 0 ||| qw: Game counter: 10478
     0 | D:5      | 0 ||| qw: Always use a shield: true
     0 | D:5      | 0 ||| qw: God list: Okawaru
     0 | D:5      | 0 ||| qw: Allow faded altars: false
     0 | D:5      | 0 ||| qw: Do Orc after D:15 true
     0 | D:5      | 0 ||| qw: Do second Lair branch before Depths: true
     0 | D:5      | 0 ||| qw: Lair rune preference: random
     0 | D:5      | 0 ||| qw: Plans: Normal
     0 | D:5      | 0 ||| PLANNING D:1-11
     1 | D:5      | 1 ||| DROPPING scroll of fog.
     2 | D:5      | 2 ||| DROPPING scroll of magic mapping.
     3 | D:5      | 3 ||| DROPPING scroll of fear.
    57 | D:4      | 57 ||| Stepping ~*~*~tactically~*~*~ (hiding).
   159 | D:4      | 159 ||| Stepping ~*~*~tactically~*~*~ (hiding).
   261 | D:4      | 261 ||| Stepping ~*~*~tactically~*~*~ (hiding).
   363 | D:4      | 363 ||| Stepping ~*~*~tactically~*~*~ (hiding).
   465 | D:4      | 465 ||| Stepping ~*~*~tactically~*~*~ (hiding).
   567 | D:4      | 567 ||| Stepping ~*~*~tactically~*~*~ (hiding).
   669 | D:4      | 669 ||| Stepping ~*~*~tactically~*~*~ (hiding).
   771 | D:4      | 771 ||| Stepping ~*~*~tactically~*~*~ (hiding).
   873 | D:4      | 873 ||| Stepping ~*~*~tactically~*~*~ (hiding).
   975 | D:4      | 975 ||| Stepping ~*~*~tactically~*~*~ (hiding).
  1077 | D:4      | 1077 ||| Stepping ~*~*~tactically~*~*~ (hiding).
  1179 | D:4      | 1179 ||| Stepping ~*~*~tactically~*~*~ (hiding).
  1281 | D:4      | 1281 ||| Stepping ~*~*~tactically~*~*~ (hiding).
  1383 | D:4      | 1383 ||| Stepping ~*~*~tactically~*~*~ (hiding).
  1485 | D:4      | 1485 ||| Stepping ~*~*~tactically~*~*~ (hiding).
  1587 | D:4      | 1587 ||| Stepping ~*~*~tactically~*~*~ (hiding).
  1590 | D:4      | 1590 ||| Stepping ~*~*~tactically~*~*~ (hiding).
  1595 | D:4      | Slain by a gnoll

Levels and vault maps discovered:
D:4:      layout_rooms, okawaru_ov_weapons_minmay, serial_shops,
          nicolae_shop_statue_plus
D:5:      layout_cave_pods, riverfiend_overflow_shadow_ancestor,
          mainiacjoe_overflow_catwalk, uniq_duvessa

Skill      XL: |  1 |
---------------+----+-----
Axes           | 2 |  2.0
Fighting       | |  3.2
Dodging        | |  1.5
Stealth        | |  5.4

Action                   || total
-------------------------++-------
Melee: Hand axe          ||     5
Dodge: Dodged            ||     3

Table legend:
 A = Non-vault XP
 B = Vault XP
 C = Vault XP percentage of total XP
 D = Non-vault monster count
 E = Vault monster count
 F = Vault count percentage of total count
                 A         B        C        D         E       F
            +---------+---------+-------+---------+---------+-------
      Total |       3 |       0 |   0.0 |       2 |       0 |   0.0
            +---------+---------+-------+---------+---------+-------
        D:4 |       3 |       0 |   0.0 |       2 |       0 |   0.0
            +---------+---------+-------+---------+---------+-------
